Map: Azurfälle LE

Players

Coot - Winner!

  • Race: Protoss Protoss
  • League: Gold
  • Spawn Location: 7:00

Sulphureo

  • Race: Zerg Zerg
  • Spawn Location: 1:00

VOD

Have the link to the VOD?

Description

Time

  • Played on: Oct. 28, 2018, 12:15 p.m.
  • Length: 12:52
Show
View Real Time Build Order
Export as new Build Order

Coot Protoss - Winner!

Build Orders: 1 Gate Expand, Dark Templar Rush 

Get SALT Encoding   

  12  0:01  Probe  
  13  0:13  Probe  
  14  0:20  Pylon  
  14  0:25  Probe  
  15  0:36  Probe  
  15  0:38  Gateway  
  16  0:44  Probe  
  17  0:50  Assimilator  
  17  0:54  Probe  
  18  1:06  Probe  
  19  1:18  Probe  
  20  1:31  Nexus  
  20  1:40  Cybernetics Core  
  20  1:45  Probe  
  21  1:54  Assimilator  
  21  2:02  Pylon  
  21  2:21  Gateway  
  21  2:23  Adept, Twilight Council  
  21  2:25  Probe  
  21  2:31  Warp Gate  
  23  2:39  Probe  
  24  2:52  Shield Battery  
  24  2:54  Probe x2  
  26  2:59  Pylon  
  26  3:06  Probe  
  27  3:22  Adept x2  
  27  3:23  Probe x2  
  33  3:31  Dark Shrine  
  33  3:37  Assimilator  
  33  3:38  Probe  
  33  3:41  Probe  
  35  3:53  Pylon  
  35  3:54  Probe  
  35  3:55  Probe  
  37  4:04  Stalker x2  
  41  4:10  Probe x2  
  43  4:20  Robotics Facility  
  43  4:22  Probe  
  44  4:25  Probe  
  44  4:31  Assimilator  
  45  4:43  Gateway  
  45  4:44  Gateway  
  45  4:45  Probe  
  46  5:02  Observer  
  46  5:04  Probe x2  
  48  5:13  Charge  
  49  5:16  Probe x2  
  49  5:19  Pylon  
  49  5:20  Pylon  
  51  5:26  Warp Prism  
  51  5:28  Probe x2  
  55  5:45  Stalker  
  55  5:47  Zealot x2  
  55  5:48  Zealot  
  63  5:56  Probe x2  
  65  6:14  Dark Templar x4  
  65  6:17  Probe x2  
  75  6:31  Pylon  
  75  6:33  Pylon  
  75  6:37  Probe x2, Pylon  
  77  6:49  Immortal, Probe x2  
  74  7:30  Zealot  
  74  7:31  Zealot x3  
  82  7:40  Pylon  
  82  7:42  Pylon  
  82  7:43  Immortal  
  86  7:44  Pylon  
  86  7:47  Nexus  
  86  7:55  Probe x2  
  88  8:00  Gateway  
  88  8:02  Blink, Gateway  
  88  8:04  Gateway  
  88  8:06  Zealot  
  88  8:07  Zealot x3, Probe x2  
  88  8:08  Forge  
  88  8:10  Forge  
  98  8:15  Shadow Stride  
  98  8:22  Pylon  
  98  8:25  Immortal  
  102  8:30  Zealot  
  102  8:31  Zealot  
  102  8:32  Zealot x2  
  110  8:37  Assimilator  
  110  8:41  Assimilator, Probe x2  
  112  8:46  Protoss Ground Armor Level 1  
  112  8:47  Protoss Ground Weapons Level 1  
  92  9:05  Stalker  
  92  9:06  Stalker x5  
  104  9:14  Immortal  
  108  9:18  Probe  
  108  9:19  Probe  
  110  9:25  Stargate  
  110  9:34  Probe x3  
  113  9:42  Dark Templar x2  
  113  9:43  Dark Templar x2  
  121  9:46  Archon  
  121  9:47  Archon  
  121  9:51  Zealot x3  
  127  10:06  Probe x3  
  130  10:14  Void Ray  
  130  10:18  Dark Templar  
  130  10:19  Dark Templar x3  
  120  10:37  Zealot x3  
  114  11:02  Void Ray  
  110  11:21  Dark Templar  
  110  11:22  Dark Templar x6  
  124  11:25  Archon  
  124  11:26  Archon x2  
  124  11:30  Probe x2  
  124  11:31  Probe  
  127  11:40  Shield Battery  
  127  11:42  Probe  
  127  11:43  Probe x2, Shield Battery  
  127  11:45  Shield Battery  
  127  11:46  Void Ray  
  134  11:47  Pylon  
  134  12:00  Stargate  
  134  12:06  Fleet Beacon  
  118  12:24  Zealot x2  
  118  12:25  Zealot x5  
Show
View Real Time Build Order
Export as new Build Order

Sulphureo Zerg 

Build Orders: Hatch First 

Get SALT Encoding   

  12  0:01  Drone  
  13  0:12  Overlord  
  13  0:18  Drone  
  14  0:33  Drone x2  
  14  0:34  Drone  
  17  0:54  Hatchery  
  16  0:57  Drone  
  16  1:03  Drone, Extractor  
  17  1:18  Spawning Pool  
  16  1:20  Drone  
  17  1:27  Drone  
  17  1:29  Drone  
  19  1:39  Drone  
  20  1:49  Overlord  
  20  2:05  Queen  
  20  2:06  Queen  
  20  2:08  Zergling x4  
  25  2:13  Metabolic Boost  
  26  2:21  Drone x2  
  28  2:26  Overlord  
  28  2:52  Queen  
  28  2:53  Queen  
  32  2:58  Drone  
  32  2:59  Drone x3  
  34  3:20  Zergling x4  
  34  3:22  Drone x5  
  34  3:24  Overlord  
  41  3:41  Drone  
  42  3:52  Overlord x2, Hatchery  
  42  3:53  Overlord  
  41  4:01  Drone x3, Extractor  
  43  4:05  Extractor  
  43  4:06  Drone x2  
  43  4:08  Drone  
  45  4:11  Extractor  
  44  4:26  Drone x5  
  49  4:38  Lair  
  49  4:46  Roach Warren  
  49  4:48  Drone, Evolution Chamber  
  49  4:49  Drone x4  
  52  5:03  Overlord, Drone  
  52  5:04  Overlord x2  
  52  5:05  Drone x2  
  55  5:11  Pneumatized Carapace  
  55  5:21  Queen  
  57  5:28  Drone x8  
  65  5:32  Zerg Missile Weapons Level 1  
  65  5:36  Evolution Chamber  
  65  5:40  Glial Reconstitution  
  65  5:41  Hydralisk Den  
  63  5:51  Roach x4  
  63  5:52  Roach  
  63  5:54  Roach  
  75  6:16  Infestation Pit  
  75  6:18  Hydralisk x4, Roach x3  
  80  6:19  Roach  
  80  6:20  Overlord  
  80  6:22  Overlord  
  90  6:27  Zerg Ground Armor Level 1  
  90  6:38  Hydralisk x2, Roach  
  90  6:39  Roach, Overlord  
  98  6:41  Overlord  
  98  6:46  Overseer  
  98  6:48  Spore Crawler  
  97  7:00  Hatchery  
  89  7:02  Spore Crawler  
  73  7:26  Drone x5  
  78  7:36  Extractor  
  77  7:37  Extractor  
  76  7:53  Drone x5  
  76  7:54  Drone x5  
  76  7:56  Drone  
  87  8:03  Hydralisk x3, Roach  
  87  8:04  Roach x3  
  101  8:16  Spine Crawler  
  100  8:28  Queen  
  100  8:29  Lair x2  
  100  8:31  Hydralisk  
  100  8:32  Hydralisk x3, Roach x2  
  100  8:33  Roach  
  116  8:40  Overlord  
  116  8:41  Overlord  
  116  8:44  Drone x3  
  116  8:45  Drone  
  116  8:48  Drone x2  
  122  8:49  Drone  
  122  8:50  Drone  
  110  9:05  Hydralisk  
  110  9:06  Hydralisk x2, Roach x3  
  118  9:25  Drone x3  
  118  9:26  Drone x5  
  126  9:39  Ravager  
  126  9:40  Ravager x8  
  126  9:41  Overlord x4  
  126  9:43  Overseer  
  135  9:46  Hatchery  
  135  9:49  Zerg Missile Weapons Level 2  
  135  9:52  Hive  
  134  10:05  Extractor  
  133  10:09  Extractor  
  132  10:26  Hydralisk x2  
  132  10:27  Hydralisk x4, Roach x4  
  132  10:28  Roach x4  
  130  10:36  Hydralisk  
  130  10:37  Hydralisk  
  114  10:52  Overseer  
  104  11:14  Hydralisk x7  
  118  11:32  Hatchery  
  117  11:38  Extractor  
  117  11:39  Drone x5, Extractor  
  125  11:40  Drone x5  
  125  12:05  Zergling x22  
  120  12:22  Hydralisk x4  
  98  12:23  Hydralisk, Roach x3  
Tags
 
Add a new tag
Caveats
  • Supply blocks, unpowered buildings, or Contaminate may cause inaccurate times.
  • Supply counts are checked every 10 seconds.